 Dungeon Crawl Stone Soup version 0.31-a0-18-gea43df2a32 (webtiles) character file.

Game seed: 2526697681364995494

973 senseless the Skirmisher (level 7, -3/43 HPs)
             Began as a Deep Elf Hunter on May 12, 2023.
             Was an Initiate of Okawaru.
             Killed by divine providence
             ... invoked by an orc priest
              (13 damage)
             ... on level 4 of the Dungeon.
             The game lasted 00:13:31 (3091 turns).

senseless the Skirmisher (Deep Elf Hunter)          Turns: 3091, Time: 00:13:32

Health: -3/43      AC:  4    Str:  8    XL:     7   Next: 94%
Magic:  0/9        EV: 15    Int: 14    God:    Okawaru [......]
Gold:   158        SH:  0    Dex: 20    Spells: 6/6 levels left

rFire   . . .        a - +3 shortbow
rCold   . . .        (shield currently unavailable)
rNeg    . . .        c - +0 leather armour
rPois   .            g - +0 helmet
rElec   .            (no cloak)
rCorr   .            (no gloves)
SInv    +            (no boots)
Will    .....        e - amulet of guardian spirit
Stlth   +++          l - ring of see invisible
HPRegen 0.27/turn    f - ring of flight
MPRegen 0.11/turn

%: guardian spirit
@: flying
A: no striking features
a: Renounce Religion


You were on level 4 of the Dungeon.
You worshipped Okawaru.
Okawaru was noncommittal.
You visited 2 branches of the dungeon, and saw 6 of its levels.

You collected 209 gold pieces.
You spent 51 gold pieces at shops.

Inventory:

Hand Weapons
 a - a +3 shortbow (weapon)
 s - a +2 vampiric short sword
Missiles
 k - a throwing net
Armour
 c - a +0 leather armour (worn)
 g - a +0 helmet (worn)
Jewellery
 e - an amulet of guardian spirit (around neck)
 f - a ring of flight (right hand)
 l - a ring of see invisible (left hand)
 w - a +6 ring of intelligence
Wands
 b - a wand of light (11)
 m - a wand of digging (6)
 o - a wand of mindburst (9)
Scrolls
 d - a scroll of blinking
 i - 2 scrolls of fog
 p - 3 scrolls of teleportation
 r - a scroll of fear {unknown}
 t - a scroll of vulnerability
Potions
 h - a potion of resistance
 j - a potion of curing
 n - a potion of attraction
 q - a potion of might {unknown}
 v - a potion of brilliance {unknown}


   Skills:
 + Level 4.1 Fighting
 + Level 8.0 Ranged Weapons
 + Level 5.9 Dodging
 + Level 5.9 Stealth


You had 6 spell levels left.
You didn't know any spells.
Your spell library contained the following spells:

 Spells                   Type           Power      Damage    Failure   Level
 Ensorcelled Hibernation  Hex/Ice        0%         N/A       54%         2
 Spider Form              Tmut/Pois      0%         N/A       77%         3
 Anguish                  Hex/Necr       0%         N/A       99%         4
 Conjure Ball Lightning   Conj/Air       0%         3x3d6     100%        6
 Discord                  Hex            0%         N/A       100%        8
 Disjunction              Tloc           0%         N/A       100%        8


Dungeon Overview and Level Annotations

Branches:
Dungeon (5/15)             Temple (1/1) D:4

Altars:
Cheibriados
Dithmenos
Fedhas
Hepliaklqana
Nemelex Xobeh
Okawaru
Qazlal
Ru
Uskayaw
Wu Jian
Xom
Yredelemnul

Shops:
D:1 =   D:2 *   D:3 (


Message History

You kill the orc!
Okawaru accepts your kill. The gnoll closely misses you.
You shoot an arrow.
The arrow hits the orc priest but does no damage.
The gnoll hits you from afar with a +0 halberd!
The orc priest completely misses you.
You shoot an arrow.
The arrow hits the orc priest but does no damage.
The gnoll barely misses you.
The orc priest mumbles some strange prayers to Beogh against you.
Beogh smites you!
You shoot an arrow.
The arrow closely misses the orc priest.
The gnoll barely misses you. The orc priest hits you with a +0 mace.
The orc priest invokes the aid of Beogh against you.
Beogh smites you! The gnoll barely misses you.
You are too injured to fight recklessly!
The orc priest completely misses you.
The gnoll hits you from afar with a +0 halberd.
* * * LOW HITPOINT WARNING * * *
You fly upwards.
There is a stone staircase leading down, spattered with blood here.
You shoot an arrow. The arrow hits the orc priest!
The orc priest is severely wounded.
The orc priest looks satisfied for a moment.
You shoot an arrow.
The arrow hits the orc priest but does no damage.
The orc priest is severely wounded.
The orc priest closely misses you.
You shoot an arrow. The arrow barely misses the orc priest.
The orc priest hits you with a +0 mace.
* * * LOW HITPOINT WARNING * * *
You shoot an arrow. The arrow hits the orc priest.
The orc priest is almost dead.
The orc priest begins to cast a cantrip, but forgets the words!
You shoot an arrow. The arrow barely misses the orc priest.
The orc priest mumbles some strange prayers to Beogh against you.
Beogh smites you!
You die...

.......# #.#..............#
..##.#÷######.######..########
†###......##..## ##....#
.##............####..##.##
.............#...........########
...##..........##..####..........
..####.###.###........##.........
...##......# ###[####.#####......
........#### ###@# #....########
.##..##.######.o)#######..####
.###....##.........######....####
..##.#.###.......................
.....#.# #.........#######.......
.##....# ########### #.......
.####### ######## ##


You could see an orc priest.

Vanquished Creatures
  Sigmund (D:4)
  2 ogres (D:4)
  3 orc priests (D:4)
  4 iguanas
  7 orc wizards
  Natasha (thrice) (D:4)
  3 gnolls (D:4)
  5 adders
  5 worms
  2 dart slugs
  19 orcs
  An endoplasm (D:2)
  A giant cockroach (D:3)
  5 goblins
  5 hobgoblins
  2 jackals (D:2)
  7 quokkas
  5 ball pythons
  4 bats
  6 frilled lizards
  5 kobolds
  4 rats
99 creatures vanquished.

Notes
Turn   | Place    | Note
-------+----------+-------------------------------------------
     0 | D:1      | senseless the Deep Elf Hunter began the quest for the Orb.
     0 | D:1      | Reached XP level 1. HP: 12/12 MP: 3/3
   140 | D:1      | Found Citur's Jewellery Shoppe.
   203 | D:1      | Reached XP level 2. HP: 17/17 MP: 4/4
   675 | D:2      | Found Dacvuc's Assorted Antiques.
   678 | D:2      | Bought a bubbling inky potion for 24 gold pieces
   825 | D:2      | Reached XP level 3. HP: 21/21 MP: 5/5
  1022 | D:2      | Bought a scroll labelled NAOPPE IDGHYL for 27 gold pieces
  1243 | D:3      | Reached XP level 4. HP: 26/26 MP: 6/6
  1346 | D:3      | Found Ushri's Antique Weapon Boutique.
  1409 | D:3      | Reached skill level 6 in Ranged Weapons
  1902 | D:4      | Reached XP level 5. HP: 30/31 MP: 7/7
  2070 | D:4      | Found a shadowy altar of Dithmenos.
  2103 | D:4      | Noticed Sigmund
  2103 | D:4      | Noticed an ogre
  2104 | D:4      | Noticed an ogre
  2107 | D:4      | Reached XP level 6. HP: 37/37 MP: 8/8
  2109 | D:4      | Killed Sigmund
  2110 | D:4      | Reached skill level 7 in Ranged Weapons
  2110 | D:4      | Reached skill level 5 in Dodging
  2110 | D:4      | Reached skill level 5 in Stealth
  2110 | D:4      | Reached XP level 7. HP: 7/41 MP: 2/9
  2321 | D:4      | Found a stormy altar of Qazlal.
  2391 | D:4      | Found a staircase to the Ecumenical Temple.
  2402 | Temple   | Entered the Ecumenical Temple
  2411 | Temple   | Became a worshipper of Warmaster Okawaru
  2442 | D:4      | Noticed Natasha
  2445 | D:4      | Killed Natasha
  2642 | D:4      | Noticed Natasha
  2643 | D:5      | Entered Level 5 of the Dungeon
  2681 | D:4      | Killed Natasha
  2915 | D:4      | Noticed Natasha
  2924 | D:4      | Killed Natasha
  2925 | D:4      | Reached skill level 8 in Ranged Weapons
  3091 | D:4      | Killed from afar by an orc priest

Illustrated notes

Levels and vault maps discovered:
D:1:      denvon_arrival_waterhouse, layout_loops_ring, serial_shops,
          nicolae_shop_window_shopping, nrook_mini_vaults, minmay_misc_feat_room
D:2:      layout_rooms, serial_shops, nicolae_shop_behind_doors
D:3:      layout_loops_ring, serial_shops, shop, bh_walls_and_bars
D:4:      layout_rooms, nicolae_dithmenos_shadow_blocks, kennysheep_mini,
          minmay_temple_entry_statues_fountains, uniq_natasha, uniq_sigmund
D:5:      layout_gridville, wad_floor_pattern_untrapped, kennysheep_flooded_box
Temple:   hellmonk_temple_rainy

Skill      XL: |  1  2  3  4  5  6  7 |
---------------+----------------------+-----
Stealth        | 2 3 4 5 |  5.9
Dodging        | 3 4 5 |  5.9
Fighting       | 2 3 4 |  4.1
Ranged Weapons | 6 7 8 |  8.0

Action                     |  1- 3 |  4- 6 |  7- 9 || total
---------------------------+-------+-------+-------++-------
   Fire: Shortbow          |    95 |    86 |    98 ||   279
    Use: Scroll            |     8 |     1 |     6 ||    15
 Armour: Leather armour    |     5 |     7 |     5 ||    17
  Dodge: Dodged            |    13 |    19 |    55 ||    87

Table legend: (Time is in decaauts)
 A = Elapsed time spent in this place.
 B = Non-inter-level travel time spent in this place.
 C = Inter-level travel time spent in this place.
 D = Time resting spent in this place.
 E = Time spent auto-exploring this place.
 F = Levels seen in this place.
 G = Mean time per level.
                   A        B        C        D        E       F      G
               +--------+--------+--------+--------+--------+-----+--------+
         Total |   3160 |   2925 |    235 |    389 |   1951 |   6 |  526.7 |
       Dungeon |   3141 |   2914 |    227 |    389 |   1951 |   5 |  628.2 |
        Temple |     18 |     10 |      8 |      0 |      0 |   1 |   18.0 |
               +--------+--------+--------+--------+--------+-----+--------+

Top non-repeatable levels by time:
     D:4: 1128 daAuts
     D:3: 815 daAuts
     D:1: 627 daAuts
     D:2: 466 daAuts
     D:5: 104 daAuts
  Temple: 18 daAuts
